 Dungeon Crawl Stone Soup version 0.29-a0-284-gf9362112df (webtiles) character file.

Game seed: 14462790758199713343

95 rabbitsville the Chopper (level 4, 0/41 HPs)
             Began as a Minotaur Monk on Mar 17, 2022.
             Slain by a gnoll
             ... wielding a +0 flail of holy wrath
              (7 damage)
             ... on level 3 of the Dungeon.
             The game lasted 00:04:20 (1304 turns).

rabbitsville the Chopper (Minotaur Monk)            Turns: 1304, Time: 00:04:20

Health: 0/41       AC:  9    Str: 18    XL:     4   Next: 40%
Magic:  3/3        EV: 10    Int:  7    God:
Gold:   110        SH:  0    Dex: 12    Spells: 3/3 levels left

rFire   x . .      SeeInvis .   a - +0 hand axe
rCold   + + .      Faith    .   (no shield)
rNeg    . . .      Spirit   .   e - +0 ice dragon scales
rPois   .          Reflect  .   (helmet restricted)
rElec   .          Harm     .   (no cloak)
rCorr   +          Rampage  .   (no gloves)
Will    .....                   (no boots)
Stlth   ..........              (no amulet)
HPRegen 0.13/turn               f - ring of resist corrosion
MPRegen 0.08/turn               (no ring)

@: no status effects
A: horns 2, retaliatory headbutt
a: no special abilities


You were on level 3 of the Dungeon.
You visited 1 branch of the dungeon, and saw 3 of its levels.

You collected 110 gold pieces.

Inventory:

Hand Weapons
 a - a +0 hand axe (weapon)
Armour
 b - a +0 robe
 e - +0 ice dragon scales (worn)
Jewellery
 f - a ring of resist corrosion (left hand)
 o - a ring of wizardry
Wands
 p - a wand of digging (4)
Scrolls
 h - 2 scrolls of fear {unknown}
 i - a scroll of identify {unknown}
 j - a scroll of teleportation {unknown}
 k - a scroll of vulnerability {unknown}
 l - a scroll of blinking {unknown}
Potions
 c - a potion of ambrosia
 d - 2 potions of mutation {unknown}
 g - 2 potions of curing {unknown}
 m - a potion of flight {unknown}
 n - 2 potions of magic {unknown}


   Skills:
 + Level 4.6 Fighting
 * Level 5.6 Axes
 - Level 3.2 Dodging
 - Level 1.5 Stealth


You had 3 spell levels left.
You didn't know any spells.
Your spell library was empty.

Dungeon Overview and Level Annotations

Branches:
Dungeon (3/15)

Altars:


Innate Abilities, Weirdness & Mutations

You have a pair of horns on your head.
You reflexively headbutt those who attack you in melee.


Message History

The gnoll shouts!
You hit the gnoll but do no damage. The gnoll barely misses you.
The gnoll hits you with a +0 flail of holy wrath.
You barely miss the gnoll. Your headbutt misses the gnoll.
The gnoll is lightly wounded.
You closely miss the gnoll. The gnoll closely misses you. x2
You furiously retaliate!
You headbutt the gnoll! You barely miss the gnoll.
The gnoll is severely wounded.
You hit the gnoll but do no damage. The gnoll hits you but does no damage.
You hit the gnoll.
You kill the gnoll!
You hit the gnoll but do no damage. The gnoll completely misses you.
You hit the gnoll.
The gnoll is lightly wounded.
You hit the gnoll. The gnoll hits you but does no damage.
The gnoll barely misses you.
You hit the gnoll but do no damage.
The gnoll is lightly wounded.
You hit the gnoll. The gnoll barely misses you. x2
You barely miss the gnoll.
The gnoll is lightly wounded.
You hit the gnoll.
A bat comes into view.
The gnoll hits you with a +0 flail! The gnoll hits you but does no damage.
You hit the gnoll.
The gnoll is lightly wounded.
You hit the gnoll.
You kill the gnoll!
The gnoll hits you with a +0 flail of holy wrath.
* * * LOW HITPOINT WARNING * * *
You hit the gnoll.
The gnoll is moderately wounded.
You completely miss the bat. The bat hits you but does no damage.
The gnoll closely misses you.
You hit the gnoll.
The gnoll is moderately wounded.
The bat barely misses you.
The gnoll hits you with a +0 flail of holy wrath!
You die...

. .#### ....#
###.#.# ......
#..#.# ##..#†#
#..<#)####.#
#..#.g@b...#
#......)...#
#..##.........
....
.......#.#
####.##.######
. .. ... #.
#.# #.#


You could see a gnoll and a bat.

Vanquished Creatures
  An adder (D:2)
  3 gnolls (D:3)
  2 dart slugs (D:1)
  7 bats
  8 endoplasms
  3 giant cockroaches
  6 goblins
  4 hobgoblins
  5 kobolds
  A quokka (D:1)
  A ball python (D:3)
  7 frilled lizards
  A rat (D:1)
49 creatures vanquished.

Notes
Turn   | Place    | Note
-------+----------+-------------------------------------------
     0 | D:1      | rabbitsville the Minotaur Monk began the quest for the Orb.
     0 | D:1      | Reached XP level 1. HP: 19/19 MP: 0/0
   121 | D:1      | Reached skill level 4 in Axes
   170 | D:1      | Reached XP level 2. HP: 27/27 MP: 1/1
   244 | D:1      | Found a faded altar of an unknown god.
   498 | D:1      | Reached XP level 3. HP: 33/33 MP: 2/2
   837 | D:2      | Reached skill level 5 in Axes
  1294 | D:3      | Reached XP level 4. HP: 25/41 MP: 3/3
  1304 | D:3      | Slain by a gnoll

Illustrated notes

Levels and vault maps discovered:
D:1:      sevenhm_arrival_forest_fort_small_5, layout_loops_ring,
          hellmonk_ecumenical_altar_pennies_from_heaven
D:2:      layout_basic
D:3:      layout_basic

Skill      XL: |  1  2  3 |
---------------+----------+-----
Axes           | 4 5 |  5.6
Fighting       | 4 |  4.6
Dodging        | |  3.2
Stealth        | |  1.5

Action                   |  1- 3 |  4- 6 || total
-------------------------+-------+-------++-------
Melee: Hand axe          |    92 |    11 ||   103
       Headbutt          |    12 |       ||    12
       Punch             |     1 |       ||     1
Armor: Ice dragon scales |    53 |     4 ||    57
Dodge: Dodged            |    54 |    10 ||    64

Table legend: (Time is in decaauts)
 A = Elapsed time spent in this place.
 B = Non-inter-level travel time spent in this place.
 C = Inter-level travel time spent in this place.
 D = Time resting spent in this place.
 E = Time spent auto-exploring this place.
 F = Levels seen in this place.
 G = Mean time per level.
                   A        B        C        D        E       F      G
               +--------+--------+--------+--------+--------+-----+--------+
         Total |   1317 |   1258 |     59 |      0 |    758 |   3 |  439.0 |
       Dungeon |   1317 |   1258 |     59 |      0 |    758 |   3 |  439.0 |
               +--------+--------+--------+--------+--------+-----+--------+

Top non-repeatable levels by time:
     D:1: 773 daAuts
     D:2: 527 daAuts
     D:3: 17 daAuts
